 Dungeon Crawl Stone Soup version 0.14.1 (webtiles) character file.

2242 Heini the Cleaver (level 9, -1/79 HPs)
             Began as a Hill Orc Fighter on Apr 30, 2014.
             Was a Priest of Okawaru.
             Slain by a two-headed ogre
             ... wielding a +0,+0 giant club
              (7 damage)
             ... on Level 7 of the Dungeon.
             The game lasted 00:22:09 (6793 turns).

Heini the Cleaver (Hill Orc Fighter)                Turns: 6793, Time: 00:22:09

HP  -1/79        AC 13     Str 22      XL: 9   Next: 13%
MP   9/9         EV  9     Int  8      God: Okawaru [***...]
Gold 378         SH 19     Dex 15      Spells:  0 memorised,  8 levels left

rFire  . . .     SeeInvis .     A - +0,+2 war axe
rCold  . . .     Clarity  .     a - +0 plate armour
rNeg   . . .     Conserve .     c - +0 shield
rPois  .         rCorr    .     (no helmet)
rElec  .         rRot     .     (no cloak)
SustAb . .       Spirit   .     (no gloves)
rMut   .         Warding  .     (no boots)
Saprov + . .     Stasis   .     (no amulet)
MR     .....                    (no ring)
                                (no ring)

@: agile, drained, not resistant to hostile enchantments, extremely unstealthy
A: saprovore 1
a: Heroism, Renounce Religion


You were on level 7 of the Dungeon.
You worshipped Okawaru.
Okawaru was most pleased with you.
You were hungry.

You visited 2 branches of the dungeon, and saw 9 of its levels.

You collected 378 gold pieces.

Inventory:

Hand weapons
 w - a +4,+1 flail of holy wrath
 A - a +0,+2 war axe (weapon)
Armour
 a - a +0 plate armour (worn)
 c - a +0 shield (worn)
Magical devices
 f - a wand of magic darts (0)
 z - a wand of polymorph (10) {unknown}
Comestibles
 d - 5 meat rations
 i - an apple
 l - 5 chokos
 n - 16 sultanas
 p - a beef jerky
 r - 4 bread rations
Scrolls
 o - a scroll of amnesia
 q - 3 scrolls of identify
 x - 5 scrolls of remove curse
 y - 2 scrolls of fog
 C - a scroll of fear
Jewellery
 B - a cursed amulet of warding {unknown}
Potions
 h - a potion of brilliance
 m - 4 potions of curing
 t - a potion of restore abilities
Books
 v - a book of Callings

   Spells                             Type                      Level
   Summon Small Mammal                Summoning                    1
   Call Imp                           Summoning                    2
   Call Canine Familiar               Summoning                    3
   Summon Guardian Golem              Hexes/Summoning              4
   Summon Lightning Spire             Summoning/Air                4
   Summon Ice Beast                   Ice/Summoning                4


   Skills:
 * Level 7.5(7.2) Fighting
 * Level 9.7(9.4) Axes
 * Level 8.6(8.3) Armour
 - Level 3.2(2.9) Shields


You had 8 spell levels left.
You didn't know any spells.

Dungeon Overview and Level Annotations

Branches:
Dungeon (8/15)             Temple (1/1) D:5
   Lair: D:8-11

Altars:
Ashenzari
Cheibriados
Dithmenos
Elyvilon
Fedhas
Kikubaaqudgha
Makhleb
Nemelex Xobeh
Okawaru
Sif Muna
Trog
Vehumet
Xom
Yredelemnul
Zin
The Shining One

Shops:
D:6 *


Innate Abilities, Weirdness & Mutations

You can tolerate rotten meat.


Message History

You feel agile all of a sudden.
The two-headed ogre barely misses you. x2
Found two items.
You are feeling hungry.
The crimson imp shouts!
There is a stone staircase leading up here.
The two-headed ogre hits you with a giant club!
* * * LOW HITPOINT WARNING * * *
The two-headed ogre hits you with a giant club!
* * * LOW HITPOINT WARNING * * *
You climb upwards.
There is a stone staircase leading down here.
The two-headed ogre hits you with a giant club.
* * * LOW HITPOINT WARNING * * *
The two-headed ogre barely misses you. The two-headed ogre barely misses you.
The two-headed ogre hits you with a giant club.
* * * LOW HITPOINT WARNING * * *
The two-headed ogre hits you with a giant club!
You die...

#.....#
##...#..#
##....#
#.......#
####.#
#......##
#.#
##.._...#
#####.#
#.......##
......#
#........#
......#
#....#...#
.>...##
#.)..#O..#
.#####
#....@..##
##
#########


You could see a two-headed ogre.

Vanquished Creatures
  Edmund (D:4)
  Menkaure (D:6)
  2 sky beasts
  2 orc warriors (D:8)
  An ice beast (D:6)
  Sigmund (D:6)
  A centaur (D:6)
  Blork the orc (D:6)
  2 giant frogs (D:6)
  5 scorpions
  A giant frog zombie (D:7)
  A hound (D:6)
  A crimson imp (D:6)
  2 worker ants
  3 iguanas
  5 orc wizards
  A killer bee zombie (D:6)
  Ijyb (D:5)
  A big kobold skeleton (D:6)
  7 adders
  A gnoll skeleton (D:7)
  3 giant mites
  An inept item mimic (D:4)
  A worm (D:2)
  2 giant geckos (D:3)
  An ooze (D:3)
  19 orcs
  A ball python (D:1)
  10 bats
  A bat zombie (D:2)
  6 giant cockroaches
  17 hobgoblins
  A quokka (D:5)
  8 giant newts
  10 goblins
  A hobgoblin skeleton (D:6)
  2 jackals (D:5)
  16 kobolds
  A kobold skeleton (D:7)
  A quokka zombie (D:6)
  14 rats
  3 ballistomycetes (D:7)
160 creatures vanquished.

Vanquished Creatures (others)
  A giant spore (D:7)
1 creature vanquished.

Grand Total: 161 creatures vanquished

Notes
Turn   | Place    | Note
--------------------------------------------------------------
     0 | D:1      | Heini, the Hill Orc Fighter, began the quest for the Orb.
     0 | D:1      | Reached XP level 1. HP: 19/19 MP: 1/1
   177 | D:1      | Reached XP level 2. HP: 25/27 MP: 2/2
   387 | D:1      | Reached skill level 4 in Fighting
   599 | D:2      | Reached XP level 3. HP: 22/33 MP: 3/3
   602 | D:2      | Reached XP level 4. HP: 18/41 MP: 4/4
  1377 | D:2      | Reached skill level 5 in Fighting
  1377 | D:2      | Reached XP level 5. HP: 30/48 MP: 5/5
  1732 | D:3      | Found an iron altar of Okawaru.
  1740 | D:3      | Became a worshipper of Warmaster Okawaru
  2070 | D:3      | Reached skill level 5 in Armour
  2227 | D:3      | Reached skill level 5 in Axes
  2227 | D:3      | Reached XP level 6. HP: 40/56 MP: 6/6
  2265 | D:3      | Found a shadowy altar of Dithmenos.
  2669 | D:4      | Acquired Okawaru's first power
  2752 | D:4      | Noticed Edmund
  2770 | D:4      | Killed Edmund
  2770 | D:4      | Reached skill level 6 in Axes
  2770 | D:4      | Reached XP level 7. HP: 51/62 MP: 7/7
  3135 | D:5      | Entered Level 5 of the Dungeon
  3135 | D:5      | Noticed Ijyb
  3172 | D:5      | Killed Ijyb
  3305 | D:5      | Found a staircase to the Ecumenical Temple.
  3315 | Temple   | Entered the Ecumenical Temple
  4327 | D:6      | Found Buhuk's Assorted Antiques.
  4404 | D:6      | Noticed Blork the orc
  4421 | D:6      | Killed Blork the orc
  4421 | D:6      | Reached skill level 7 in Axes
  4564 | D:6      | Found a blossoming altar of Fedhas.
  4730 | D:6      | Reached XP level 8. HP: 52/71 MP: 8/8
  4872 | D:6      | Noticed Sigmund
  4898 | D:6      | Killed Sigmund
  5098 | D:6      | Reached skill level 8 in Axes
  5131 | D:6      | Noticed Menkaure
  5136 | D:6      | Killed Menkaure
  5651 | D:7      | Found a deep blue altar of Sif Muna.
  5832 | D:7      | Reached skill level 9 in Axes
  5878 | D:7      | Found a shattered altar of Ashenzari.
  6040 | D:7      | Found a snail-covered altar of Cheibriados.
  6100 | D:8      | Reached XP level 9. HP: 12/79 MP: 9/9
  6580 | D:8      | Noticed a two-headed ogre
  6774 | D:7      | HP: 3/79 [two-headed ogre/giant club (5)]
  6793 | D:7      | Slain by a two-headed ogre

Action                   |  1- 3 |  4- 6 |  7- 9 || total
-------------------------+-------+-------+-------++-------
Melee: War axe           |    77 |   280 |   361 ||   718
  Use: Potion            |       |     2 |     7 ||     9
       Scroll            |       |     5 |    10 ||    15
